 BcadrenCrawl: Boulder Brew version 0.04.2-15-ge27eb88979 (webtiles) character file.

Game seed: 8645073294798248205, levelgen mode: deterministic

3668 diana the Slinger (level 10, -3/96 HPs) Kobold Hunter. Began on May 11, 2021. Was an Initiate of Okawaru. Slain by Harold ... wielding a cursed +0 vampiric halberd {(Curse: Fragile)} (12 damage) ... on level 4 of the Dungeon. The game lasted 00:16:04 (5439 turns).

diana the Slinger (Kobold Hunter)                   Turns: 5439, Time: 00:16:05

Health: -3/96      AC:  5    Str: 16    XL:     10 ^: 2518
Magic:  10/10      EV: 15    Int: 12    God:    Okawaru [0* [28]]
Gold:   308        SH:  0    Dex: 18    Spells: 9/9 levels left

rFire    . . .     Vision   .   a - +1 hunting sling
rCold    . . .     Gourm    .   b - +0 short sword
rNeg     . . .     Faith    .   e - +0 troll leather {Purgy}
rPois    .         Spirit   .   (no helmet)
rElec    .         Reflect  .   (no cloak)
rCorr    .         Harm     .   (no gloves)
MR       .....                  l - +0 pair of boots
Stlth    ..........             (no amulet)
HPRegen  0.82/turn              (no ring)
MPRegen  0.20/turn              (no ring)

@: berserking, marked, very quick
A: small, carnivore
a: Renounce Religion


You were on level 4 of the Dungeon.
You worshipped Okawaru.
Okawaru was noncommittal.
You were not hungry.

You visited 2 branches of the dungeon, and saw 5 of its levels.

You collected 308 gold pieces.

Inventory:

Weapons
 a - a +1 hunting sling (weapon)
 b - a +0 short sword (weapon)
Armour
 e - a +0 troll leather (worn) {Purgy}
 l - a +0 pair of boots (worn)
Wands
 t - a wand of polymorph (2)
Scrolls
 c - 3 scrolls of teleportation
 f - 5 scrolls of holy word
 i - a scroll of fog
 k - a scroll of fear
 m - a scroll of bless item
 o - a scroll of summoning
 p - 3 scrolls of magic mapping
 s - 2 scrolls of blinking
 x - a scroll of enchantment
Potions
 g - a potion of berserk rage
 h - 3 potions of might
 j - a potion of cancellation
 n - 2 potions of ambrosia
 q - a potion of brilliance
 r - a potion of haste
 u - a potion of invisibility
 v - a potion of heal wounds
 w - a potion of curing
Comestibles
 d - 15 rations


   Skills:
 + Level 8.0 Fighting
 + Level 8.5 Short Blades
 - Level 12.0 Slings
 - Level 2.4 Dodging
 - Level 9.5 Stealth


You had 9 spell levels left.
You didn't know any spells.
Your spell library was empty.

Dungeon Overview and Level Annotations

Branches:
Dungeon (4/8)              Temple (1/1) D:4

Altars:
Ashenzari
Cheibriados
Dithmenos
Elyvilon
Fedhas Madash
Hepliaklqana
Nemelex Xobeh
Okawaru
Qazlal
Sif Muna
Trog
Uskayaw
Vehumet
Wu Jian
Xom
Yredelemnul
The Shining One

Annotations:
D:4 Harold


Innate Abilities, Weirdness & Mutations

You are small and have problems with some larger weapons.
You are carnivorous and can eat meat at any time.


Message History

Harold hits you with a cursed +0 vampiric halberd {(Curse: Fragile)} (21)!!
* * * LOW HITPOINT WARNING * * *
Harold draws strength from your wounds (4).
You hit Harold but do no damage.
Harold is heavily wounded. (31/74) HP A red film seems to cover your vision as you go berserk!
You feel yourself moving faster!
You feel mighty! Harold misses you (0).
You hit Harold (4).
Harold is severely wounded. (27/74) HP Harold hits you with a cursed +0 vampiric halberd {(Curse: Fragile)} (13)!
* * * LOW HITPOINT WARNING * * *
Harold draws strength from your wounds (4).
You hit Harold (3).
Harold is severely wounded. (28/74) HP You hit Harold (5).
Harold is severely wounded. (23/74) HP You puncture Harold (10)!
Harold is almost dead. (13/74) HP Harold hits you with a cursed +0 vampiric halberd {(Curse: Fragile)} (12)!
You die...

#
####################
#..#..#...#.......#.
#..@..'...#.......#.
##@#####'##.......##
... #.............
#.... #.............
#.... #...#.........
#.... #...#..[......
#+##. #...#.........
.. #...+.........
#...#.......##


You could see Harold.

Vanquished Creatures
  Pikel (D:4)
  Eustachio (D:2)
  Purgy (D:2)
  A phantom (D:4)
  A water moccasin (D:2)
  2 orc warriors (D:4)
  A scorpion (D:4)
  3 ogres
  7 big kobolds (D:2)
  6 bullfrogs (D:4)
  A centaur (D:4)
  A gnoll sergeant (D:2)
  2 wights (D:4)
  A crimson imp (D:2)
  3 jellies
  5 orc priests
  A hound (D:3)
  5 orc wizards
  4 worker ants
  10 giant cockroaches
  4 bullfrog skeletons
  2 centaur skeletons (D:2)
  3 adders
  37 sewer rats
  A white imp (D:3)
  8 cinder newts
  2 worms
  2 oozes (D:2)
  A hound skeleton (D:3)
  3 dart slugs
  4 leopard geckos
  11 orcs
  A ball python (D:2)
  A goblin (D:1)
  4 hobgoblins (D:1)
  7 jackals
  2 quokkas
  4 bats
  A hobgoblin skeleton (D:2)
  29 kobolds
  A kobold skeleton (D:2)
  A leopard gecko skeleton (D:3)
  4 rats (D:1)
  8 withered plants (D:2)
198 creatures vanquished.

Vanquished Creatures (others)
  2 giant cockroaches (D:2)
  An adder (D:2)
  2 sewer rats (D:2)
  An adder skeleton (D:4)
  An orc skeleton (D:2)
  2 slaves (D:4)
  2 slimeheads (D:2)
  117 withered plants (D:2)
128 creatures vanquished.

Grand Total: 326 creatures vanquished

Notes
Turn   | Place    | Note
-------+----------+-------------------------------------------
     0 | D:1      | diana the Kobold Hunter began the quest for the Orb.
     0 | D:1      | Reached XP level 1. HP: 12/12 MP: 1/1
    49 | D:1      | Reached skill level 6 in Slings
    73 | D:1      | Reached skill level 1 in Short Blades
    73 | D:1      | Reached XP level 2. HP: 17/17 MP: 2/2
   233 | D:1      | Reached XP level 3. HP: 21/21 MP: 3/3
   340 | D:1      | Reached XP level 4. HP: 26/26 MP: 4/4
   717 | D:2      | Noticed a water moccasin
   731 | D:2      | Killed a water moccasin
   731 | D:2      | Reached skill level 7 in Slings
   731 | D:2      | Reached XP level 5. HP: 17/30 MP: 5/5
   747 | D:2      | Reached XP level 6. HP: 23/35 MP: 6/6
  1109 | D:2      | Reached skill level 5 in Short Blades
  1340 | D:2      | Reached XP level 7. HP: 39/40 MP: 7/7
  1493 | D:2      | Reached skill level 5 in Stealth
  1553 | D:2      | Reached skill level 8 in Slings
  1991 | D:1      | Reached XP level 8. HP: 17/44 MP: 8/8
  2424 | D:2      | Noticed a flying skull
  2424 | D:2      | Noticed a flying skull
  2426 | D:2      | Noticed a bog body
  2426 | D:2      | Noticed a flying skull
  2426 | D:2      | Noticed a flying skull
  2430 | D:2      | Noticed a flying skull
  2431 | D:2      | Noticed a flying skull
  2514 | D:2      | Noticed Eustachio
  2778 | D:2      | Reached skill level 9 in Slings
  2813 | D:2      | Noticed Purgy
  2846 | D:2      | Killed Purgy
  2992 | D:3      | Reached XP level 9. HP: 52/52 MP: 9/9
  3072 | D:3      | Reached skill level 10 in Slings
  3452 | D:3      | Found a radiant altar of Vehumet.
  3559 | D:2      | Reached skill level 5 in Fighting
  3756 | D:2      | Killed Eustachio
  4297 | D:4      | Reached skill level 11 in Slings
  4348 | D:4      | Found a staircase to the Ecumenical Temple.
  4371 | Temple   | Entered the Ecumenical Temple
  4652 | Temple   | Became a worshipper of Warmaster Okawaru
  4833 | D:4      | Found a bloodstained altar of Trog.
  4965 | D:3      | Reached XP level 10. HP: 14/61 MP: 10/10
  5171 | D:4      | Found a shattered altar of Ashenzari.
  5220 | D:4      | Reached skill level 12 in Slings
  5259 | D:4      | Noticed Pikel
  5277 | D:4      | Killed Pikel
  5279 | D:4      | Received a gift from Okawaru
  5415 | D:4      | Noticed Harold
  5439 | D:4      | Slain by Harold

Levels and vault maps discovered:
D:1:      minmay_arrival_four_circles, layout_basic, minmay_goblin_kobold_house
D:2:      layout_sewer, kennysheep_door_sewer, uniq_purgy
D:3:      layout_rooms, kennysheep_mini_moat, first_ration
D:4:      layout_grid_maze, bloody_trog, nicolae_ashenzari_panopticon,
          minmay_temple_entry_butterflies, uniq_harold, uniq_pikel
Temple:   minmay_temple_curvy_branch

Skill      XL: |  1  2  3  4  5  6  7  8  9 10 |
---------------+-------------------------------+-----
Slings         | 6 7 8 9 11 12 | 12.0
Short Blades   | 1 2 4 5 6 7 8 |  8.5
Stealth        | 2 3 4 5 7 9 |  9.5
Fighting       | 4 6 8 |  8.0
Dodging        | |  2.4

Action                   |  1- 3 |  4- 6 |  7- 9 | 10-12 || total
-------------------------+-------+-------+-------+-------++-------
Melee: Short sword       |     8 |   155 |   294 |    40 ||   497
       Unarmed           |       |       |    30 |       ||    30
 Fire: Hunting sling     |    43 |    44 |   255 |    37 ||   379
  Use: Scroll            |       |       |     2 |       ||     2
       Potion            |       |       |     3 |     1 ||     4
 Stab: Sleeping          |       |       |     1 |       ||     1
       Distracted        |       |       |       |     1 ||     1
  Eat: Chunk             |       |       |    11 |     3 ||    14
       Ration            |       |       |     1 |       ||     1
Armor: Leather armour    |     1 |     9 |    21 |       ||    31
       Troll leather     |       |       |    31 |     1 ||    32
Dodge: Dodged            |     7 |   166 |   303 |    13 ||   489
